Map: [ESL] Inside and Out

Players

Astrea - Winner!

  • Race: Protoss Protoss
  • Spawn Location: 7:00

ShoWTimE

  • Race: Protoss Protoss
  • Spawn Location: 1:00

Event: DreamHack SC2 Masters 2022 Atlanta (Offline)

VOD

Have the link to the VOD?

Description

Time

  • Played on: Nov. 19, 2022, 2:09 p.m.
  • Length: 21:05

All games in this series

Show
View Real Time Build Order
Export as new Build Order

Astrea Protoss - Winner!

Build Orders: 1 Gate Expand 

Get SALT Encoding   

  12  0:00  Probe  
  13  0:12  Probe  
  14  0:17  Pylon  
  14  0:24  Probe  
  15  0:36  Probe  
  15  0:37  Gateway  
  16  0:48  Probe  
  18  1:08  Nexus  
  17  1:12  Assimilator  
  17  1:16  Probe  
  18  1:26  Cybernetics Core  
  18  1:29  Probe  
  19  1:38  Pylon  
  19  1:41  Probe  
  20  1:53  Probe  
  21  1:57  Warp Gate (Chrono Boost)  
  21  1:59  Adept (Chrono Boost)  
  21  2:06  Probe  
  21  2:08  Gateway  
  24  2:18  Probe  
  24  2:20  Probe  
  26  2:25  Stalker  
  28  2:30  Probe  
  28  2:32  Probe  
  30  2:39  Gateway  
  30  2:42  Probe  
  30  2:44  Probe  
  31  2:54  Probe  
  31  2:56  Probe  
  35  3:04  Pylon  
  35  3:06  Probe  
  35  3:09  Probe  
  37  3:16  Assimilator  
  37  3:18  Probe  
  36  3:21  Probe  
  36  3:23  Shield Battery  
  36  3:25  Adept x2  
  41  3:30  Probe  
  41  3:33  Probe  
  43  3:42  Probe  
  43  3:43  Stalker  
  43  3:45  Probe  
  43  3:48  Stalker x2, Pylon  
  47  3:54  Probe  
  48  3:57  Probe  
  49  4:06  Adept  
  49  4:07  Probe  
  49  4:08  Stalker  
  49  4:09  Probe, Pylon  
  55  4:14  Stalker  
  53  4:19  Probe  
  53  4:21  Probe  
  55  4:25  Assimilator  
  55  4:28  Adept  
  55  4:29  Adept  
  55  4:31  Probe  
  60  4:33  Probe  
  57  4:39  Stalker  
  57  4:43  Probe, Assimilator  
  60  4:45  Probe  
  60  4:46  Robotics Facility  
  61  4:55  Probe  
  61  4:56  Pylon  
  61  4:57  Probe  
  61  4:58  Stalker  
  61  5:02  Stalker  
  59  5:07  Probe  
  59  5:10  Probe  
  59  5:11  Stalker  
  61  5:14  Nexus  
  62  5:21  Twilight Council  
  62  5:25  Shield Battery  
  62  5:27  Adept x2  
  65  5:33  Stalker  
  67  5:37  Pylon  
  67  5:39  Pylon  
  67  5:45  Shield Battery  
  67  5:55  Observer (Chrono Boost), Pylon  
  68  5:59  Blink (Chrono Boost)  
  68  6:03  Stalker x2  
  68  6:07  Probe x2  
  68  6:09  Observer, Forge  
  68  6:10  Gateway  
  70  6:13  Immortal (Chrono Boost)  
  74  6:19  Probe  
  74  6:20  Probe  
  76  6:27  Probe  
  76  6:28  Stalker  
  76  6:31  Probe, Stalker  
  76  6:32  Probe  
  83  6:33  Protoss Ground Weapons Level 1 (Chrono Boost)  
  83  6:38  Observer  
  83  6:39  Probe  
  84  6:44  Probe  
  85  6:49  Probe  
  85  6:51  Probe  
  87  6:56  Probe  
  87  6:57  Stalker x2  
  91  7:03  Probe  
  91  7:06  Gateway x2  
  91  7:07  Gateway  
  92  7:09  Probe x2  
  92  7:10  Assimilator  
  92  7:11  Observer  
  94  7:15  Probe  
  94  7:17  Stalker  
  94  7:21  Probe  
  94  7:22  Pylon  
  98  7:25  Nexus  
  98  7:30  Stalker  
  98  7:34  Observer  
  100  7:37  Pylon  
  100  7:40  Pylon  
  100  7:41  Pylon  
  100  7:42  Stalker x2  
  104  7:45  Pylon  
  101  8:02  Stalker  
  101  8:03  Probe, Stalker x3  
  106  8:06  Probe x2  
  104  8:14  Warp Prism  
  104  8:15  Probe  
  104  8:18  Probe  
  104  8:19  Probe  
  109  8:21  Photon Cannon, Protoss Ground Weapons Level 2 (Chrono Boost)  
  109  8:22  Stalker  
  109  8:23  Stalker  
  113  8:28  Probe  
  113  8:30  Probe  
  113  8:31  Probe  
  113  8:32  Stalker  
  116  8:44  Stalker x3  
  116  8:45  Probe  
  117  8:49  Charge  
  117  8:50  Probe x2  
  117  8:53  Probe  
  120  8:56  Observer  
  120  8:58  Stalker x2  
  120  9:00  Stalker  
  130  9:07  Gateway x2  
  130  9:09  Observer  
  127  9:10  Gateway x2  
  127  9:16  Observer  
  127  9:17  Stalker x3  
  127  9:19  Probe x2  
  127  9:20  Probe  
  127  9:23  Immortal (Chrono Boost)  
  137  9:29  Photon Cannon  
  141  9:33  Stalker x2  
  141  9:35  Stalker  
  146  9:46  Stalker x3  
  152  9:59  Pylon  
  152  10:00  Pylon  
  152  10:01  Photon Cannon, Pylon  
  152  10:02  Pylon  
  152  10:03  Photon Cannon, Pylon  
  152  10:05  Pylon  
  151  10:15  Protoss Ground Weapons Level 3 (Chrono Boost)  
  151  10:20  Stalker x8  
  167  10:27  Stalker x2  
  153  10:44  Warp Prism  
  153  10:48  Stalker x7  
  161  11:05  Stalker x3  
  159  11:18  Stalker x5  
  159  11:19  Stalker x2  
  173  11:31  Nexus  
  172  11:39  Pylon  
  172  11:45  Assimilator  
  172  11:46  Assimilator  
  172  11:47  Stalker x10  
  172  11:52  Observer  
  156  12:16  Stalker x9  
  156  12:18  Probe x3  
  156  12:19  Probe  
  156  12:20  Zealot  
  156  12:21  Observer  
  180  12:25  Dark Shrine  
  178  12:39  Nexus  
  174  12:47  Sentry x4  
  174  12:48  Zealot  
  174  12:49  Zealot x4  
  191  12:52  Probe x2  
  191  12:53  Pylon  
  185  13:16  Pylon  
  182  13:20  Zealot x9, Protoss Shields Level 1 (Chrono Boost)  
  182  13:26  Gateway  
  196  13:27  Gateway  
  196  13:28  Pylon  
  172  13:34  Stalker  
  172  13:35  Probe x3  
  172  13:36  Probe  
  164  13:47  Probe x2  
  164  13:48  Probe  
  157  13:57  Stalker x9  
  157  13:58  Probe  
  157  14:02  Shadow Stride (Chrono Boost)  
  158  14:12  Probe x4  
  158  14:15  Photon Cannon  
  162  14:18  Probe, Photon Cannon  
  162  14:21  Shield Battery  
  163  14:24  Probe x2  
  163  14:26  Dark Templar x4  
  173  14:42  Observer (Chrono Boost)  
  174  14:45  Stalker x5  
  174  14:46  Stalker x3  
  184  15:05  Dark Templar x4  
  188  15:08  Nexus  
  188  15:11  Dark Templar x4  
  194  15:14  Zealot  
  194  15:15  Zealot x2  
  195  15:35  Dark Templar x2  
  195  15:38  Nexus  
  195  15:41  Photon Cannon  
  195  15:42  Photon Cannon  
  199  15:43  Protoss Shields Level 2 (Chrono Boost), Photon Cannon  
  199  15:46  Shield Battery  
  199  15:50  Pylon  
  199  15:53  Photon Cannon  
  199  15:56  Photon Cannon  
  199  15:57  Robotics Bay, Assimilator x2  
  199  16:00  Robotics Facility  
  197  16:05  Zealot  
  199  16:17  Zealot  
  180  16:30  Zealot x5  
  180  16:31  Zealot x6  
  190  16:34  Observer (Chrono Boost)  
  191  16:47  Observer (Chrono Boost)  
  190  16:59  Photon Cannon  
  190  17:00  Photon Cannon  
  187  17:05  Shield Battery  
  187  17:07  Shield Battery  
  187  17:23  Nexus  
  134  17:59  Observer (Chrono Boost)  
  134  18:01  Observer (Chrono Boost)  
  135  18:22  Nexus  
  133  18:43  Dark Templar  
  133  18:44  Dark Templar x4  
Show
View Real Time Build Order
Export as new Build Order

ShoWTimE Protoss 

Build Orders: 1 Gate Expand 

Get SALT Encoding   

  12  0:00  Probe  
  13  0:12  Probe  
  14  0:18  Pylon  
  14  0:24  Probe (Chrono Boost)  
  15  0:36  Probe (Chrono Boost)  
  15  0:37  Gateway  
  16  0:45  Probe (Chrono Boost)  
  16  0:46  Assimilator  
  17  0:51  Probe  
  18  1:03  Probe  
  19  1:15  Probe  
  20  1:23  Nexus  
  20  1:33  Cybernetics Core  
  20  1:36  Probe  
  21  1:42  Assimilator  
  21  1:48  Probe  
  21  1:52  Pylon  
  22  2:00  Probe  
  23  2:07  Stalker (Chrono Boost)  
  23  2:10  Warp Gate  
  23  2:13  Probe  
  26  2:25  Probe  
  26  2:28  Stalker (Chrono Boost)  
  29  2:37  Probe x2  
  29  2:39  Gateway  
  31  2:44  Shield Battery  
  31  2:50  Probe (Chrono Boost)  
  33  2:51  Probe (Chrono Boost)  
  33  2:54  Sentry  
  35  3:03  Probe (Chrono Boost)  
  37  3:06  Probe (Chrono Boost)  
  37  3:07  Shield Battery  
  37  3:08  Probe (Chrono Boost)  
  38  3:13  Shield Battery, Probe  
  38  3:17  Probe  
  40  3:21  Twilight Council, Sentry  
  40  3:25  Probe  
  40  3:27  Shield Battery  
  43  3:29  Probe  
  43  3:37  Probe  
  43  3:42  Probe  
  42  3:53  Probe (Chrono Boost)  
  42  3:54  Probe (Chrono Boost)  
  43  3:58  Stalker  
  43  3:59  Stalker  
  46  4:05  Shield Battery  
  46  4:09  Pylon  
  46  4:13  Probe  
  45  4:19  Pylon  
  45  4:20  Probe  
  46  4:25  Shield Battery  
  46  4:29  Stalker  
  46  4:31  Stalker  
  49  4:39  Shield Battery  
  49  4:43  Blink (Chrono Boost)  
  48  4:48  Probe  
  48  4:49  Shield Battery  
  48  4:52  Stalker  
  51  4:56  Stalker  
  51  4:58  Probe  
  48  5:13  Probe  
  49  5:14  Robotics Facility  
  49  5:16  Gateway, Assimilator  
  49  5:17  Stalker  
  49  5:20  Stalker  
  53  5:22  Probe  
  53  5:27  Probe  
  53  5:28  Pylon  
  55  5:31  Shield Battery  
  55  5:34  Probe  
  56  5:40  Probe  
  57  5:43  Sentry, Stalker  
  57  5:44  Pylon  
  61  5:51  Shield Battery  
  61  5:59  Probe x2  
  61  6:00  Phoenix  
  62  6:07  Observer  
  62  6:10  Stalker  
  62  6:11  Stalker  
  67  6:13  Pylon  
  67  6:15  Nexus, Stalker  
  69  6:21  Probe x2  
  71  6:25  Pylon  
  71  6:29  Observer  
  72  6:32  Forge  
  72  6:33  Probe x2  
  72  6:38  Stalker x2  
  78  6:42  Observer  
  78  6:45  Probe x2  
  80  6:57  Probe x2  
  80  7:04  Protoss Ground Weapons Level 1 (Chrono Boost), Stalker x3  
  80  7:06  Shield Battery  
  86  7:09  Probe  
  86  7:10  Probe  
  86  7:11  Immortal  
  92  7:22  Probe, Pylon  
  93  7:23  Probe  
  93  7:27  Probe  
  93  7:28  Adept x2  
  99  7:30  Charge  
  99  7:34  Probe  
  100  7:42  Probe  
  100  7:43  Gateway  
  100  7:44  Gateway  
  101  7:46  Probe  
  101  7:50  Probe  
  103  7:52  Pylon  
  103  7:56  Stalker x2  
  103  8:03  Probe  
  100  8:06  Pylon  
  100  8:11  Stalker  
  100  8:16  Gateway  
  100  8:17  Nexus  
  100  8:18  Gateway  
  100  8:20  Stalker  
  100  8:21  Pylon  
  100  8:26  Shield Battery  
  102  8:28  Shield Battery  
  102  8:32  Shield Battery  
  102  8:34  Stalker x2, Pylon  
  106  8:35  Probe x2  
  106  8:39  Stalker  
  109  8:41  Stalker  
  109  8:44  Shield Battery  
  109  8:48  Probe x2  
  113  8:51  Observer (Chrono Boost)  
  114  8:58  Gateway x2  
  114  8:59  Protoss Ground Weapons Level 2 (Chrono Boost)  
  114  9:04  Pylon  
  114  9:05  Stalker, Assimilator  
  114  9:06  Stalker  
  114  9:09  Photon Cannon  
  118  9:13  Stalker  
  120  9:20  Probe x2  
  122  9:25  Pylon  
  122  9:27  Stalker x2  
  122  9:30  Pylon  
  126  9:31  Stalker x2  
  126  9:33  Probe  
  126  9:34  Probe  
  132  9:38  Photon Cannon  
  132  9:52  Stalker x3  
  134  9:53  Stalker  
  134  9:56  Probe x3  
  134  9:58  Probe  
  140  10:00  Phoenix  
  140  10:02  Zealot x5  
  150  10:12  Pylon  
  150  10:13  Robotics Bay  
  150  10:16  Zealot x4  
  157  10:23  Zealot x4, Pylon  
  159  10:41  Zealot x5, Immortal (Chrono Boost)  
  141  10:43  Probe x3  
  141  10:46  Stalker x3  
  148  10:58  Zealot  
  148  11:02  Pylon  
  146  11:08  Shield Battery  
  146  11:10  Disruptor (Chrono Boost), Stalker x3  
  146  11:11  Stalker x2  
  152  11:14  Zealot x3  
  159  11:20  Observer  
  159  11:25  Nexus, Zealot  
  159  11:28  Pylon  
  157  11:35  Zealot x6  
  157  11:36  Shield Battery  
  157  11:39  Observer (Chrono Boost), Protoss Ground Weapons Level 3 (Chrono Boost)  
  168  11:50  Photon Cannon  
  168  11:52  Probe  
  169  11:56  Zealot x8  
  175  12:03  Zealot  
  175  12:05  Disruptor (Chrono Boost)  
  147  12:14  Nexus  
  144  12:23  Assimilator  
  144  12:24  Dark Shrine  
  144  12:26  Zealot x4  
  150  12:38  Disruptor  
  143  12:47  Zealot x5  
  143  12:48  Zealot  
  155  12:52  Stalker  
  155  12:53  Stalker  
  147  13:09  Zealot x2, Stalker x5  
  157  13:13  Disruptor  
  160  13:20  Zealot x2  
  135  13:34  Nexus  
  135  13:35  Zealot x7  
  135  13:41  Dark Templar x2  
  147  13:46  Probe x3  
  136  13:50  Observer  
  129  13:55  Zealot x6  
  129  13:58  Dark Templar  
  128  14:18  Probe x4  
  128  14:20  Pylon  
  128  14:21  Dark Templar  
  128  14:22  Nexus, Zealot, Protoss Shields Level 1  
  136  14:30  Probe  
  137  14:32  Probe x3  
  138  14:42  Probe  
  138  14:43  Dark Templar x2  
  138  14:44  Zealot x5  
  138  14:45  Disruptor (Chrono Boost), Zealot  
  155  14:51  Assimilator  
  158  14:53  Assimilator  
  158  14:57  Probe x2  
  155  15:11  Zealot x7  
  155  15:13  Disruptor (Chrono Boost)  
  172  15:18  Zealot x2  
  156  15:33  Zealot x7  
  166  15:42  Observer (Chrono Boost)  
  166  15:47  Gravitic Boosters (Chrono Boost)  
  166  15:48  Zealot x2  
  169  15:55  Nexus  
  169  16:00  Disruptor  
  169  16:02  Stalker x4  
  180  16:06  Stalker  
  180  16:09  Shield Battery  
  148  16:30  Nexus  
  145  16:33  Zealot  
  145  16:34  Zealot x4  
  119  17:18  Stalker x3  
  117  17:44  Gateway  
  117  17:54  Gateway  
  117  18:00  Gateway  
  117  18:40  Pylon  
  117  18:41  Pylon  
  117  18:43  Pylon  
  117  18:47  Pylon  
  110  18:59  Cybernetics Core  
  110  19:01  Pylon  
  103  19:03  Pylon  
  103  19:05  Pylon  
  79  19:37  Nexus  
  64  20:03  Pylon  
  64  20:14  Pylon  
  58  20:34  Robotics Facility  
  56  20:36  Stalker x3  
Tags
 
Add a new tag
Caveats
  • Supply blocks, unpowered buildings, or Contaminate may cause inaccurate times.
  • Supply counts are checked every 10 seconds.